 Dungeon Crawl Stone Soup version 0.28-a0-667-g162e43154e (webtiles) character file.

Game seed: 9481547490189609048

102 BlueGoblin the Ducker (level 4, -2/27 HPs)
             Began as a Vampire Monk on Oct 17, 2021.
             Slain by an ogre (29 damage)
             ... on level 4 of the Dungeon.
             The game lasted 00:04:30 (3278 turns).

BlueGoblin the Ducker (Vampire Monk)                Turns: 3278, Time: 00:04:38

Health: -2/27      AC:  3    Str: 10    XL:     4   Next: 50%
Magic:  4/4        EV: 15    Int: 12    God:
Gold:   85         SH:  0    Dex: 17    Spells: 3/3 levels left

rFire   . . .      SeeInvis +   l - +3 dagger
rCold   + + .      Faith    .   (no shield)
rNeg    + + +      Spirit   .   b - +0 robe
rPois   ∞          Reflect  .   (no helmet)
rElec   .          Harm     .   (no cloak)
rCorr   .          Rampage  .   (no gloves)
Will    .....                   e - +0 pair of boots
Stlth   ++++......              (no amulet)
HPRegen 0.00/turn               (no ring)
MPRegen 0.09/turn               (no ring)

@: bloodless, inhibited regen
A: bloodless, fangs 3, see invisible, vampiric 2
a: Bat Form, Revivify


You were on level 4 of the Dungeon.
You visited 1 branch of the dungeon, and saw 4 of its levels.

You collected 85 gold pieces.

Inventory:

Hand Weapons
 a - a +0 short sword
 l - a +3 dagger (weapon)
 n - a +1 whip of freezing
Missiles
 d - 48 sling bullets
 o - 4 poisoned darts (quivered)
Armour
 b - a +0 robe (worn)
 e - a +0 pair of boots (worn)
Scrolls
 f - 3 scrolls of brand weapon {unknown}
 j - 2 scrolls of noise {unknown}
 k - a scroll of enchant armour {unknown}
Potions
 c - a potion of curing
 g - a potion of cancellation {unknown}
 h - 2 potions of lignification {unknown}
 i - a potion of berserk rage
 m - a potion of might {unknown}


   Skills:
 - Level 2.6 Fighting
 - Level 3.2 Short Blades
 * Level 5.9 Dodging
 - Level 3.0 Stealth


You had 3 spell levels left.
You didn't know any spells.
Your spell library contained the following spells:

 Spells                   Type           Power      Damage    Failure   Level
 Summon Small Mammal      Summ           0%         N/A       32%         1
 Call Canine Familiar     Summ           0%         N/A       69%         3
 Summon Guardian Golem    Hex/Summ       0%         N/A       69%         3


Dungeon Overview and Level Annotations

Branches:
Dungeon (4/15)
 Temple: D:4-7

Altars:
Elyvilon
Trog

Shops:
D:2 (


Innate Abilities, Weirdness & Mutations

You do not regenerate when monsters are visible.
You are frail without blood (-20% HP).
You can heal yourself when you bite living creatures.
You are immune to poison.
You have razor-sharp teeth.
You have supernaturally acute eyesight. (SInv)
You are afflicted with vampirism and can become a bat while bloodless.


Message History

You hit the jackal. Your bite misses the jackal.
The jackal is almost dead.
The jackal closely misses you.
The jackal bites you but does no damage.
You hit the jackal but do no damage.
The jackal is almost dead.
The jackal barely misses you.
You hit the jackal.
You kill the jackal!
No target in view!
No target in view!
No target in view!
No target in view!
No target in view!
HP restored.
Things that are here:
a jackal corpse; a jackal corpse
Things that are here:
a jackal corpse; a jackal corpse You open the door.
A jelly and an ogre come into view.
Found a stone staircase leading up.
There is an open door here.
There are monsters nearby!
There are monsters nearby!
Found a stone staircase leading up.
An ufetubus comes into view.
Found a metallic dark potion.
There is a stone staircase leading up here.
The helpless ogre fails to defend itself.
You bite the ogre, and draw its blood! You impale the ogre!!
The ogre is severely wounded.
The ogre closely misses you.
You hit the ogre but do no damage.
The ogre is severely wounded.
The ufetubus shouts!
The jelly quivers.
The ogre hits you with a +0 giant club!!
Ouch! That really hurt!
You die...

#.................
.................#
.!...............#
.................##
..................#
....<.............#
#....5O...........## #
#....J@.............#
#........##'##...##.##
##.......#8.8## #8.8#
#.......##...###...#
##.......##..†....#
#........##.†<..##
##........##8.8##
##........#####


You could see an ogre, a jelly and an ufetubus.

Vanquished Creatures
  A killer bee zombie (D:3)
  An adder zombie (D:1)
  3 worms
  A dart slug (D:3)
  2 orcs (D:3)
  5 endoplasms
  3 giant cockroaches
  9 goblins
  4 hobgoblins
  6 jackals
  4 quokkas
  4 ball pythons
  A ball python zombie (D:1)
  3 bats
  2 frilled lizards (D:1)
  4 kobolds
  5 rats
58 creatures vanquished.

Notes
Turn   | Place    | Note
-------+----------+-------------------------------------------
     0 | D:1      | BlueGoblin the Vampire Monk began the quest for the Orb.
     0 | D:1      | Reached XP level 1. HP: 17/17 MP: 1/1
   125 | D:1      | Reached skill level 4 in Dodging
   125 | D:1      | Reached XP level 2. HP: 23/23 MP: 2/2
   258 | D:1      | Found a faded altar of an unknown god.
  1315 | D:2      | Gained mutation: You are afflicted with vampirism and can
                  | become a bat while bloodless. [Vampire growth]
  1315 | D:2      | Reached XP level 3. HP: 26/28 MP: 3/3
  1342 | D:2      | Found Xirecs's Weapon Shop.
  1526 | D:2      | Found a bloodstained altar of Trog.
  1860 | D:2      | Reached skill level 5 in Dodging
  2243 | D:3      | Reached XP level 4. HP: 10/34 MP: 4/4
  3271 | D:4      | Noticed an ogre
  3278 | D:4      | Slain by an ogre

Illustrated notes

Levels and vault maps discovered:
D:1:      saegor_arrival_fortress, layout_basic, basic_ecumenical_altar,
          chequers_serial_rivers_small_b
D:2:      layout_loops_ring, basic_altar, serial_shops, shop,
          minmay_door_square, minivault_14
D:3:      layout_basic, nicolae_overflow_hidden_temple, serial_curves,
          eino_curves_03, eino_curves_04, corexii_shack, minivault_24,
          minmay_misc_feat_room
D:4:      layout_cave_pods, temple_green, grunt_ministairs_8, uniq_robin

Skill      XL: |  1  2  3 |
---------------+----------+-----
Dodging        | 4 5 |  5.9
Fighting       | |  2.6
Short Blades   | |  3.2
Stealth        | |  3.0

Action                   |  1- 3 |  4- 6 || total
-------------------------+-------+-------++-------
Melee: Short sword       |   104 |       ||   104
       Bite              |     8 |     4 ||    12
       Dagger            |    15 |    57 ||    72
 Abil: Exsanguinate      |       |     1 ||     1
  Use: Potion            |     2 |       ||     2
 Stab: Sleeping          |     9 |     8 ||    17
       Distracted        |       |     1 ||     1
Armor: Robe              |    17 |     9 ||    26
Dodge: Dodged            |    74 |    25 ||    99

Table legend: (Time is in decaauts)
 A = Elapsed time spent in this place.
 B = Non-inter-level travel time spent in this place.
 C = Inter-level travel time spent in this place.
 D = Time resting spent in this place.
 E = Time spent auto-exploring this place.
 F = Levels seen in this place.
 G = Mean time per level.
                   A        B        C        D        E       F      G
               +--------+--------+--------+--------+--------+-----+--------+
         Total |   3261 |   3007 |    254 |     76 |   2445 |   4 |  815.2 |
       Dungeon |   3261 |   3007 |    254 |     76 |   2445 |   4 |  815.2 |
               +--------+--------+--------+--------+--------+-----+--------+

Top non-repeatable levels by time:
     D:1: 1252 daAuts
     D:3: 1019 daAuts
     D:2: 936 daAuts
     D:4: 53 daAuts
